 Dungeon Crawl Stone Soup version 0.26.1-2-gb8aa6d0cf2 (webtiles) character file.

Game seed: 2284190640463885793

2695 Ladykiller69 the Cleaver (level 9, -17/80 HPs)
             Began as a Hill Orc Gladiator on Mar 27, 2021.
             Was a Believer of Wu Jian.
             Killed by an exploding a killer bee (24 damage)
             ... exploding inner flame
             ... on level 7 of the Dungeon.
             The game lasted 00:22:00 (7620 turns).

Ladykiller69 the Cleaver (Hill Orc Gladiator)       Turns: 7620, Time: 00:22:01

Health: -17/80     AC: 12    Str: 20    XL:     9   Next: 65%
Magic:  9/9        EV: 14    Int:  8    God:    Wu Jian [**....]
Gold:   380        SH:  0    Dex: 12    Spells: 8/8 levels left

rFire    . . .     SeeInvis .   v - +0 broad axe
rCold    . . .     Faith    .   (no shield)
rNeg     . . .     Spirit   .   B - +0 steam dragon scales
rPois    .         Reflect  .   s - +1 hat {Will+}
rElec    .         Harm     .   r - +2 cloak
rCorr    .         Rampage  .   (no gloves)
Will     +....                  c - +0 pair of boots
Stlth    +.........             (no amulet)
HPRegen  0.23/turn              (no ring)
MPRegen  0.11/turn              (no ring)

@: lethally poisoned (-17 -> -19), hasted, very quick
A: no striking features
a: Renounce Religion, Wall Jump


You were on level 7 of the Dungeon.
You worshipped Wu Jian.
Wu Jian was pleased with you.
You visited 2 branches of the dungeon, and saw 8 of its levels.

You collected 380 gold pieces.

Inventory:

Hand Weapons
 a - a +0 war axe
 v - a +0 broad axe (weapon)
Missiles
 b - 41 poisoned darts (quivered)
 d - 3 throwing nets
Armour
 c - a +0 pair of boots (worn)
 r - a +2 cloak (worn)
 s - a +1 hat of willpower (worn)
 B - +0 steam dragon scales (worn)
Jewellery
 n - a cursed amulet of the acrobat {unknown}
 z - an uncursed ring of ice {unknown}
Wands
 j - a wand of random effects (12)
 x - a wand of acid (6)
 y - a wand of paralysis (6)
 A - a wand of digging (5)
Scrolls
 e - 3 scrolls of identify
 f - 2 scrolls of immolation
 i - 3 scrolls of teleportation {unknown}
 l - 5 scrolls of remove curse {unknown}
 p - a scroll of fog {unknown}
 q - 3 scrolls of enchant armour {unknown}
 t - 3 scrolls of blinking {unknown}
 u - 2 scrolls of enchant weapon {unknown}
 w - 2 scrolls of amnesia {unknown}
Potions
 g - 2 potions of haste
 h - a potion of degeneration {unknown}
 k - 3 potions of curing
 m - 3 potions of heal wounds
 o - 2 potions of resistance {unknown}


   Skills:
 + Level 7.7 Fighting
 * Level 11.7 Axes
 - Level 2.0 Throwing
 + Level 6.5 Armour
 - Level 4.1 Dodging


You had 8 spell levels left.
You didn't know any spells.
Your spell library contained the following spells:

 Spells                   Type           Power        Failure   Level
 Corona                   Hex            0%           41%         1
 Ensorcelled Hibernation  Hex/Ice        0%           54%         2
 Confusing Touch          Hex            0%           78%         3
 Dazzling Flash           Conj/Hex       0%           78%         3
 Gell's Gravitas          Tloc           0%           78%         3
 Tukima's Dance           Hex            0%           78%         3
 Petrify                  Tmut/Erth      0%           99%         4
 Metabolic Englaciation   Hex/Ice        0%           100%        5
 Yara's Violent Unravell  Hex/Tmut       0%           100%        5


Dungeon Overview and Level Annotations

Branches:
Dungeon (7/15)             Temple (1/1) D:5

Altars:
Ashenzari
Cheibriados
Dithmenos
Fedhas
Gozag
Hepliaklqana
Kikubaaqudgha
Makhleb
Nemelex Xobeh
Okawaru
Qazlal
Trog
Uskayaw
Vehumet
Wu Jian
Zin
The Shining One

Shops:
D:5 (


Message History

The killer bee misses you.
You spin and attack the killer bee.
You closely miss the killer bee.
The killer bee is severely wounded.
The killer bee closely misses you.
You barely miss the killer bee.
The killer bee is severely wounded.
You slash the killer bee!
Flame seeps out of the killer bee.
The killer bee barely misses you.
The killer bee is engulfed in blazing flames.
The Council accepts your kill.
The killer bee explodes!
The fiery explosion engulfs the killer bee!
The Council accepts your kill.
The fiery explosion engulfs the killer bee!
The Council accepts your kill. The fiery explosion engulfs you!
* * * LOW HITPOINT WARNING * * *
The killer bee explodes!
The fiery explosion engulfs you!!
You die...

.. #....>.# #.......#.#
..###..†.## ##.....#..##
...........## #......#...##
.)..........# ###...##.###..###
.....#.....### #.#.####.###...#.
. . #.......# ##....#.........#.
###.....O####§...........##...
.###.........#§○§....###..#####.(
.............O§§@....###...###..#
............#######....#........#
............## ##.#...........#
.....#.......# #.[#..#..#.....#
....#..(.<...## #..#######.....#
....###.##....####..# #.......#
.....##.)....###....#####.......>
..##.....##.##.......##..........
.#...........#.#.....##..........


You could see an ogre.

Vanquished Creatures
  Maggie (D:7)
  A hornet (D:7)
  Sigmund (D:6)
  Duvessa (D:6)
  A sky beast (D:7)
  2 ice beasts (D:6)
  2 ogres
  A centaur (D:6)
  4 bullfrogs
  A wyvern zombie (D:6)
  3 scorpions
  Dowan (D:6)
  6 killer bees (D:7)
  3 bullfrog zombies (D:6)
  Crazy Yiuf (D:3)
  3 hounds
  3 orc wizards (D:7)
  An orc priest (D:7)
  A centaur skeleton (D:6)
  2 iguanas
  2 worker ants (D:4)
  A hound zombie (D:6)
  2 hound skeletons
  A howler monkey zombie (D:6)
  4 worker ant zombies
  A howler monkey skeleton (D:7)
  9 adders
  A shadow imp (D:5)
  An ufetubus (D:5)
  An ooze (D:1)
  3 adder zombies (D:6)
  3 dart slugs
  3 worms
  5 leopard geckos
  20 orcs
  6 giant cockroaches
  7 goblins
  12 hobgoblins
  4 jackals
  4 quokkas
  A ball python (D:5)
  9 bats
  2 frilled lizards
  A giant cockroach zombie (D:6)
  A jackal skeleton (D:6)
  A jackal zombie (D:6)
  5 kobolds
  A leopard gecko zombie (D:6)
  A quokka skeleton (D:4)
  A quokka zombie (D:6)
  5 rats
157 creatures vanquished.

Vanquished Creatures (others)
  11 withered plants (D:6)
11 creatures vanquished.

Grand Total: 168 creatures vanquished

Notes
Turn   | Place    | Note
-------+----------+-------------------------------------------
     0 | D:1      | Ladykiller69 the Hill Orc Gladiator began the quest for the
                  | Orb.
     0 | D:1      | Reached XP level 1. HP: 18/18 MP: 1/1
    32 | D:1      | Reached XP level 2. HP: 21/25 MP: 2/2
   591 | D:1      | Reached XP level 3. HP: 30/30 MP: 3/3
   855 | D:2      | Reached skill level 1 in Armour
  1481 | D:2      | Reached skill level 5 in Axes
  1651 | D:2      | Reached XP level 4. HP: 36/38 MP: 4/4
  2034 | D:3      | Found a runed translucent door.
  2035 | D:3      | Noticed Crazy Yiuf
  2040 | D:3      | Paralysed by Crazy Yiuf for 5 turns
  2046 | D:3      | Killed Crazy Yiuf
  2188 | D:3      | Found a hazy altar of Hepliaklqana.
  2277 | D:3      | Reached XP level 5. HP: 45/45 MP: 5/5
  2280 | D:3      | Found a sparkling altar of Nemelex Xobeh.
  2281 | D:3      | Found a broken altar of Ashenzari.
  2281 | D:3      | Found a burning altar of Makhleb.
  2283 | D:3      | Found an ornate altar of the Wu Jian Council.
  2316 | D:3      | Became a worshipper of the Wu Jian Council
  2411 | D:3      | Found a faded altar of an unknown god.
  2802 | D:4      | Reached skill level 6 in Axes
  3014 | D:4      | Reached XP level 6. HP: 47/52 MP: 6/6
  3619 | D:4      | Reached skill level 7 in Axes
  3974 | D:5      | Entered Level 5 of the Dungeon
  4037 | D:5      | Found Amital's Antique Weapon Shop.
  4056 | D:5      | Reached XP level 7. HP: 37/60 MP: 7/7
  4187 | D:5      | Reached * piety under Wu Jian
  4647 | D:5      | Found a staircase to the Ecumenical Temple.
  4835 | Temple   | Entered the Ecumenical Temple
  5343 | D:6      | Noticed Duvessa
  5344 | D:6      | Noticed Dowan
  5350 | D:6      | Killed Dowan
  5351 | D:6      | Reached skill level 5 in Fighting
  5351 | D:6      | Reached skill level 8 in Axes
  5355 | D:6      | Killed Duvessa
  5356 | D:6      | Reached XP level 8. HP: 26/68 MP: 8/8
  5673 | D:6      | Noticed Sigmund
  5921 | D:6      | Reached skill level 9 in Axes
  5979 | D:6      | Found an iron altar of Okawaru.
  6343 | D:6      | Killed Sigmund
  6344 | D:6      | Reached skill level 10 in Axes
  6344 | D:6      | Reached skill level 5 in Armour
  6902 | D:7      | Noticed a hornet
  6908 | D:7      | Killed a hornet
  6909 | D:7      | Reached XP level 9. HP: 75/78 MP: 9/9
  6940 | D:7      | Reached ** piety under Wu Jian
  7051 | D:7      | Found a radiant altar of Vehumet.
  7103 | D:7      | Noticed Maggie
  7189 | D:7      | Reached skill level 11 in Axes
  7323 | D:7      | Killed Maggie
  7482 | D:7      | Found a blossoming altar of Fedhas.
  7617 | D:7      | HP: 1/80 [killer bee (4)]
  7620 | D:7      | Killed by an exploding a killer bee... exploding inner
                  | flame

Illustrated notes

Levels and vault maps discovered:
D:1:      dpeg_arrival_simpleton_a, layout_rooms
D:2:      layout_basic
D:3:      layout_loops_ring, grunt_temple_overflow_open,
          nzn_hepliaklqana_mist_gate, chequers_ecumenical_altar_grove,
          uniq_crazy_yiuf_cottage
D:4:      layout_cave_pods
D:5:      layout_rooms, minmay_temple_entry_statues_pillars, serial_shops,
          nicolae_shop_overgrown_old_shop
D:6:      layout_layer_cave, lemuel_coloured_pillars_altar, serial_undead,
          serial_undead_f, serial_undead_f, serial_undead_b, serial_undead_b,
          serial_undead_e, serial_undead_b, serial_undead_b, serial_undead_c,
          uniq_duvessa, uniq_sigmund
D:7:      layout_cave_pools, kennysheep_mini_moat, nicolae_ossuary_entry_ruins,
          lemuel_tele_altar, uniq_maggie
Temple:   cyrus_temple_forest

Skill      XL: |  1  2  3  4  5  6  7  8  9 |
---------------+----------------------------+-----
Throwing       | 2 |  2.0
Armour         | 1 2 3 5 6 |  6.5
Fighting       | 3 4 5 6 7 |  7.7
Axes           | 5 6 7 8 10 11 | 11.7
Dodging        | 3 4 |  4.1

Action                   |  1- 3 |  4- 6 |  7- 9 || total
-------------------------+-------+-------+-------++-------
Melee: War axe           |   120 |   156 |    35 ||   311
       Broad axe         |       |       |   257 ||   257
Throw: Dart              |       |    26 |    11 ||    37
Invok: Lunge             |       |     7 |    21 ||    28
       Whirlwind         |       |       |    16 ||    16
  Use: Scroll            |       |       |     2 ||     2
       Potion            |       |       |     3 ||     3
 Stab: Invisible         |       |     1 |       ||     1
Armor: Leather armour    |    17 |       |       ||    17
       Scale mail        |    32 |    88 |   138 ||   258
       Steam dragon scal |       |       |    19 ||    19
Dodge: Dodged            |    68 |   107 |   192 ||   367
